NYP
BROOKLYN CYCLONES @ STATE COLLEGE SPIKES
05/14/2049
 
TOP OF THE 1ST
Brooklyn Cyclones batting - Pitching for State College Spikes : RHP Arnaldo Cardamenho
Pitching: RHP Arnaldo Cardamenho
Batting: LHB Matt Baker 0-0: Fly out, F8 (Flyball, 8RM, EV 88.1 MPH)
Batting: LHB Elmo Dreier 0-0: Called Strike
0-1: Foul Ball, location: 2F
0-2: TRIPLE (Flyball, 78XD, EV 102.5 MPH)
Batting: RHB Sang-ton Pak 0-0: Swinging Strike
0-1: Foul Ball, location: 2F
0-2: Ball
1-2: Strikes out swinging
Batting: RHB Bill Crogan 0-0: Ball
1-0: Ground out 4-3 (Groundball, 34, EV 106.9 MPH)
Top of the 1st over - 0 runs, 1 hit, 0 errors, 1 left on base; Brooklyn 0 - State College 0
BOTTOM OF THE 1ST
State College Spikes batting - Pitching for Brooklyn Cyclones : LHP Brad Guffin
Pitching: LHP Brad Guffin
Batting: RHB Chris Rouleau 0-0: Ball
1-0: Foul Ball, location: 2F
1-1: Ground out 6-3 (Groundball, 6, EV 108.8 MPH)
Batting: RHB Shou-feng Chang 0-0: Ball
1-0: Ball
2-0: Called Strike
2-1: Fly out, F9 (Flyball, 9D, EV 100.0 MPH)
Batting: LHB Ignacio Ocampo 0-0: Ball
1-0: Foul Ball, location: 2F
1-1: Swinging Strike
1-2: Fly out, F4 (Flyball, 34D, EV 88.8 MPH)
Bottom of the 1st over - 0 runs, 0 hits, 0 errors, 0 left on base; Brooklyn 0 - State College 0
TOP OF THE 2ND
Brooklyn Cyclones batting - Pitching for State College Spikes : RHP Arnaldo Cardamenho
Batting: RHB Mike Mathews 0-0: Foul Ball, location: 2F
0-1: Ground out 3-1 (Groundball, 34, EV 103.8 MPH)
Batting: RHB Victor Reyes 0-0: Ball
1-0: Foul Ball, location: 2F
1-1: Swinging Strike
1-2: Foul Ball, location: 2F
1-2: Strikes out swinging
Batting: SHB Callum Lynch 0-0: Ball
1-0: Ball
2-0: Called Strike
2-1: Foul Ball, location: 2F
2-2: Ball
3-2: Strikes out swinging
Top of the 2nd over - 0 runs, 0 hits, 0 errors, 0 left on base; Brooklyn 0 - State College 0
BOTTOM OF THE 2ND
State College Spikes batting - Pitching for Brooklyn Cyclones : LHP Brad Guffin
Batting: RHB Nelson Salamanca 0-0: Ball
1-0: Ball
2-0: Ball
3-0: Foul Ball, location: 2F
3-1: Base on Balls
Batting: RHB Juan Carrillo 0-0: Called Strike
0-1: Ball
1-1: Fly out, F8 (Flyball, 8LM, EV 72.5 MPH)
Pitching: RHP Justin Williams
Batting: RHB Jonathan Winkler 0-0: Grounds into double play, 4-6-3 (Groundball, 4S, EV 85.0 MPH)
Bottom of the 2nd over - 0 runs, 0 hits, 0 errors, 0 left on base; Brooklyn 0 - State College 0
TOP OF THE 3RD
Brooklyn Cyclones batting - Pitching for State College Spikes : RHP Arnaldo Cardamenho
Batting: SHB Salvador Gomez 0-0: Fly out, F7 (Flyball, 7LM, EV 86.2 MPH)
Batting: SHB Duri Chilemba 0-0: Ball
1-0: Called Strike
1-1: Ball
2-1: Fly out, F7 (Line Drive, 7S, EV 85.6 MPH)
Batting: LHB Matt Baker 0-0: Called Strike
0-1: Ground out 4-3 (Groundball, 4, EV 93.8 MPH)
Top of the 3rd over - 0 runs, 0 hits, 0 errors, 0 left on base; Brooklyn 0 - State College 0
BOTTOM OF THE 3RD
State College Spikes batting - Pitching for Brooklyn Cyclones : RHP Justin Williams
Batting: LHB Mike East 0-0: Called Strike
0-1: Swinging Strike
0-2: Ball
1-2: Ball
2-2: Fly out, F7 (Flyball, 78M, EV 91.2 MPH)
Batting: LHB Pete Mitchell 0-0: Ball
1-0: Fly out, F9 (Flyball, 9, EV 96.2 MPH)
Batting: RHB John James 0-0: Called Strike
0-1: Ball
1-1: Ground out 6-3 (Groundball, 6, EV 107.5 MPH)
Bottom of the 3rd over - 0 runs, 0 hits, 0 errors, 0 left on base; Brooklyn 0 - State College 0
TOP OF THE 4TH
Brooklyn Cyclones batting - Pitching for State College Spikes : RHP Arnaldo Cardamenho
Batting: LHB Elmo Dreier 0-0: Swinging Strike
0-1: Ball
1-1: Ball
2-1: SINGLE (Groundball, 25, EV 68.8 MPH) (infield hit)
Batting: RHB Sang-ton Pak 0-0: Ball
Elmo Dreier steals 2nd base
1-0: Ball
2-0: Called Strike
2-1: Called Strike
2-2: Foul Ball, location: 2F
2-2: Strikes out swinging
Batting: RHB Bill Crogan 0-0: Ball
1-0: Called Strike
1-1: Called Strike
1-2: Strikes out swinging
Batting: RHB Mike Mathews 0-0: Called Strike
0-1: Called Strike
0-2: Ball
1-2: Ground out 6-3 (Groundball, 6M, EV 104.4 MPH)
Top of the 4th over - 0 runs, 1 hit, 0 errors, 1 left on base; Brooklyn 0 - State College 0
BOTTOM OF THE 4TH
State College Spikes batting - Pitching for Brooklyn Cyclones : RHP Justin Williams
Batting: RHB Chris Rouleau 0-0: Called Strike
0-1: Swinging Strike
0-2: SINGLE (Groundball, 56S, EV 67.5 MPH) (infield hit)
Batting: RHB Shou-feng Chang 0-0: Swinging Strike
0-1: Foul Ball, location: 2F
0-2: Foul Ball, location: 2F
0-2: Ball
1-2: Foul Ball, location: 2F
1-2: Ball
2-2: SINGLE (Line Drive, 6MD, EV 101.2 MPH)
Chris Rouleau to second
Runner from 2nd tries for 3rd, OUT! 8-5
Batting: LHB Ignacio Ocampo 0-0: SINGLE (Line Drive, 56D, EV 96.2 MPH)
Shou-feng Chang to second
Batting: RHB Nelson Salamanca 0-0: Called Strike
0-1: Called Strike
0-2: Hit by Pitch
Shou-feng Chang to third
Ignacio Ocampo to second
Pinch Hitting: SHB Justin Towry 0-0: Ball
1-0: Grounds into fielders choice 1-2 (Groundball, 34S, EV 70.6 MPH)
Ignacio Ocampo to third
Nelson Salamanca to second
Batting: RHB Jonathan Winkler 0-0: Ball
1-0: Ball
2-0: Called Strike
2-1: Ball
3-1: Base on Balls
Ignacio Ocampo scores
Nelson Salamanca to third
Justin Towry to second
Batting: LHB Mike East 0-0: Called Strike
0-1: Ball
1-1: Ball
2-1: Swinging Strike
2-2: Foul Ball, location: 2F
2-2: Ball
3-2: Ground out 4-3 (Groundball, 4, EV 87.5 MPH)
Bottom of the 4th over - 1 run, 3 hits, 0 errors, 3 left on base; Brooklyn 0 - State College 1
TOP OF THE 5TH
Brooklyn Cyclones batting - Pitching for State College Spikes : RHP Arnaldo Cardamenho
Now at SS: Richard Riggs
Batting: RHB Victor Reyes 0-0: Swinging Strike
0-1: Ground out 6-3 (Groundball, 6, EV 88.1 MPH)
Batting: SHB Callum Lynch 0-0: Ball
1-0: Ball
2-0: Swinging Strike
2-1: Ball
3-1: Foul Ball, location: 2F
3-2: Strikes out looking
Batting: SHB Salvador Gomez 0-0: Ball
1-0: Ball
2-0: Ball
3-0: Called Strike
3-1: Base on Balls
Batting: SHB Duri Chilemba 0-0: DOUBLE (Line Drive, 9LS, EV 93.1 MPH)
Salvador Gomez to third
Batting: LHB Matt Baker 0-0: Called Strike
0-1: Ball
1-1: Called Strike
1-2: Foul Ball, location: 2F
1-2: Foul Ball, location: 2F
1-2: Strikes out swinging
Top of the 5th over - 0 runs, 1 hit, 0 errors, 2 left on base; Brooklyn 0 - State College 1
BOTTOM OF THE 5TH
State College Spikes batting - Pitching for Brooklyn Cyclones : RHP Justin Williams
Batting: LHB Pete Mitchell 0-0: Called Strike
0-1: Called Strike
0-2: Foul Ball, location: 2F
0-2: Foul Ball, location: 2F
0-2: Ball
1-2: Strikes out swinging
Batting: RHB John James 0-0: Ground out 5-3 (Groundball, 56S, EV 88.1 MPH)
Batting: RHB Chris Rouleau 0-0: Ball
1-0: Fly out, F9 (Line Drive, 9, EV 93.1 MPH)
Bottom of the 5th over - 0 runs, 0 hits, 0 errors, 0 left on base; Brooklyn 0 - State College 1
TOP OF THE 6TH
Brooklyn Cyclones batting - Pitching for State College Spikes : RHP Arnaldo Cardamenho
Batting: LHB Elmo Dreier 0-0: Ball
1-0: Fly out, F7 (Flyball, 7LS, EV 96.2 MPH)
Batting: RHB Sang-ton Pak 0-0: Ball
1-0: Called Strike
1-1: Ball
2-1: Fly out, F7 (Line Drive, 7LM, EV 90.0 MPH)
Batting: RHB Bill Crogan 0-0: Ball
1-0: Ground out 5-3 (Groundball, 56, EV 78.1 MPH)
Top of the 6th over - 0 runs, 0 hits, 0 errors, 0 left on base; Brooklyn 0 - State College 1
BOTTOM OF THE 6TH
State College Spikes batting - Pitching for Brooklyn Cyclones : RHP Justin Williams
Batting: RHB Shou-feng Chang 0-0: Ball
1-0: Foul Ball, location: 2F
1-1: Ground out 6-3 (Groundball, 6, EV 77.5 MPH)
Batting: LHB Ignacio Ocampo 0-0: Called Strike
0-1: Ball
1-1: Foul Ball, location: 2F
1-2: Strikes out swinging
Batting: RHB Nelson Salamanca 0-0: Ball
1-0: Ball
2-0: Swinging Strike
2-1: Called Strike
2-2: Strikes out looking
Bottom of the 6th over - 0 runs, 0 hits, 0 errors, 0 left on base; Brooklyn 0 - State College 1
TOP OF THE 7TH
Brooklyn Cyclones batting - Pitching for State College Spikes : RHP Arnaldo Cardamenho
Batting: RHB Mike Mathews 0-0: Ball
1-0: Called Strike
1-1: SINGLE (Groundball, 56S, EV 72.5 MPH) (infield hit)
Batting: RHB Victor Reyes 0-0: Called Strike
0-1: Hit by Pitch
Mike Mathews to second
Batting: SHB Callum Lynch 0-0: Bunted foul
0-1: Bunt missed!
0-2: SINGLE (Groundball, 6MD, EV 100.0 MPH)
Mike Mathews to third
Victor Reyes to second
Runner from 3rd tries for Home, SAFE, throw by CF to home
Batting: SHB Salvador Gomez 0-0: Called Strike
0-1: Foul Ball, location: 2F
0-2: Ball
1-2: Ball
Passed Ball!
Victor Reyes to third
Callum Lynch to second
2-2: Ball
3-2: Intentional Walk
Pinch Hitting: RHB Matt Tittle 0-0: Foul Ball, location: 2F
0-1: Grounds into fielders choice 6-2 (Groundball, 6, EV 83.1 MPH)
Callum Lynch to third
Salvador Gomez to second
Batting: LHB Matt Baker 0-0: Called Strike
0-1: DOUBLE (Flyball, 8RD, EV 99.4 MPH)
Callum Lynch scores
Salvador Gomez scores
Matt Tittle to third
Runner from 3rd tries for Home, SAFE, throw by CF to home
Batting: LHB Elmo Dreier 0-0: Called Strike
0-1: Ball
1-1: Called Strike
1-2: Strikes out swinging
Batting: RHB Sang-ton Pak 0-0: Ball
1-0: Ball
Matt Baker is caught stealing 3rd base 2-5
Top of the 7th over - 4 runs, 3 hits, 0 errors, 0 left on base; Brooklyn 4 - State College 1
BOTTOM OF THE 7TH
State College Spikes batting - Pitching for Brooklyn Cyclones : RHP Justin Williams
Pitching: RHP Jason Horvath
Now at 3B: Jack Nickleberry
Batting: RHB Richard Riggs 0-0: Foul Ball, location: 2F
0-1: Ball
1-1: Ball
2-1: Ball
3-1: Called Strike
3-2: Foul Ball, location: 2F
3-2: Fly out, F9 (Flyball, 9, EV 86.9 MPH)
Batting: RHB Jonathan Winkler 0-0: Foul Ball, location: 2F
0-1: Ball
1-1: Ball
2-1: Swinging Strike
2-2: Ball
3-2: Strikes out swinging
Batting: LHB Mike East 0-0: Ball
1-0: Foul Ball, location: 2F
1-1: Swinging Strike
1-2: Strikes out swinging
Bottom of the 7th over - 0 runs, 0 hits, 0 errors, 0 left on base; Brooklyn 4 - State College 1
TOP OF THE 8TH
Brooklyn Cyclones batting - Pitching for State College Spikes : RHP Arnaldo Cardamenho
Batting: RHB Sang-ton Pak 0-0: Ball
1-0: Fly out, F7 (Flyball, 78M, EV 83.1 MPH)
Batting: RHB Bill Crogan 0-0: Ball
1-0: Ball
2-0: Ball
3-0: Called Strike
3-1: Base on Balls
Batting: RHB Mike Mathews 0-0: Ball
1-0: SINGLE (Groundball, 56D, EV 98.1 MPH)
Bill Crogan to second
Batting: RHB Victor Reyes 0-0: Swinging Strike
0-1: Ball
1-1: Foul Ball, location: 2F
1-2: Strikes out looking
Batting: SHB Callum Lynch 0-0: Called Strike
0-1: Called Strike
0-2: Strikes out swinging
Top of the 8th over - 0 runs, 1 hit, 0 errors, 2 left on base; Brooklyn 4 - State College 1
BOTTOM OF THE 8TH
State College Spikes batting - Pitching for Brooklyn Cyclones : RHP Jason Horvath
Now in LF: Tom Primmer
Now in RF: Callum Lynch
Batting: LHB Pete Mitchell 0-0: Foul Ball, location: 2F
0-1: Ball
1-1: Swinging Strike
1-2: Strikes out swinging, 2-3 out at first.
Batting: RHB John James 0-0: Called Strike
0-1: Swinging Strike
0-2: Ball
1-2: Strikes out swinging
Batting: RHB Chris Rouleau 0-0: Called Strike
0-1: Called Strike
0-2: Strikes out swinging
Bottom of the 8th over - 0 runs, 0 hits, 0 errors, 0 left on base; Brooklyn 4 - State College 1
TOP OF THE 9TH
Brooklyn Cyclones batting - Pitching for State College Spikes : RHP Arnaldo Cardamenho
Batting: SHB Salvador Gomez 0-0: Ball
1-0: Ball
2-0: Ball
3-0: Base on Balls
Pitching: LHP Mark Challinor
Batting: RHB Jack Nickleberry 0-0: Bunt missed!
0-1: Bunt missed!
0-2: Strikes out looking
Batting: LHB Matt Baker 0-0: Called Strike
0-1: Ball
1-1: Swinging Strike
1-2: Ball
2-2: Strikes out swinging
Batting: LHB Elmo Dreier 0-0: Called Strike
0-1: SINGLE (Groundball, 34S, EV 70.0 MPH) (infield hit)
Salvador Gomez to second
Batting: RHB Sang-ton Pak 0-0: Ball
1-0: Ball
2-0: Ball
3-0: Called Strike
3-1: Base on Balls
Salvador Gomez to third
Elmo Dreier to second
Batting: RHB Tom Primmer 0-0: Foul Ball, location: 2F
0-1: Ball
1-1: Swinging Strike
1-2: Strikes out swinging
Top of the 9th over - 0 runs, 1 hit, 0 errors, 3 left on base; Brooklyn 4 - State College 1
BOTTOM OF THE 9TH
State College Spikes batting - Pitching for Brooklyn Cyclones : RHP Jason Horvath
Pitching: LHP Joe Edwards
Batting: RHB Shou-feng Chang 0-0: Called Strike
0-1: Ball
1-1: Fly out, F9 (Flyball, 9LD, EV 87.5 MPH)
Pinch Hitting: RHB Roberto Ruiz 0-0: Ball
1-0: Foul Ball, location: 2F
1-1: Ball
2-1: Called Strike
2-2: Ball
3-2: Strikes out swinging
Batting: RHB Nelson Salamanca 0-0: Ball
1-0: Called Strike
1-1: Called Strike
1-2: Ground out 5-3 (Groundball, 5, EV 83.1 MPH)
Bottom of the 9th over - 0 runs, 0 hits, 0 errors, 0 left on base; Brooklyn 4 - State College 1
Sunday, July 16th , 2023 - OOTP Baseball 24.6 Build 69